 Dungeon Crawl Stone Soup version 0.29.1-13-g9f3cf754e1 (webtiles) character file.

Game seed: 12814847599233036646

5 sircluck the Caller (level 1, 0/10 HPs)
             Began as a Tengu Summoner on Jan 24, 2023.
             Slain by a quokka (2 damage)
             ... on level 1 of the Dungeon.
             The game lasted 00:00:47 (113 turns).

sircluck the Caller (Tengu Summoner)                 Turns: 113, Time: 00:00:48

Health: 0/10       AC:  2    Str:  8    XL:     1   Next: 80%
Magic:  4/4        EV: 12    Int: 15    God:
Gold:   0          SH:  0    Dex: 14    Spells: 3/4 levels left

rFire   . . .      SeeInvis .   c - +0 war axe
rCold   . . .      Faith    .   (no shield)
rNeg    . . .      Spirit   .   a - +0 robe
rPois   .          Reflect  .   (helmet restricted)
rElec   .          Harm     .   (no cloak)
rCorr   .          Rampage  .   (no gloves)
Will    .....                   (boots unavailable)
Stlth   ++........              (no amulet)
HPRegen 0.03/turn               (no ring)
MPRegen 0.09/turn               (no ring)

@: no status effects
A: beak, talons 3
a: no special abilities


You were on level 1 of the Dungeon.
You visited 1 branch of the dungeon, and saw 1 of its levels.

Inventory:

Hand Weapons
 c - a +0 war axe (weapon)
Armour
 a - a +0 robe (worn)
 d - a +0 plate armour
Scrolls
 e - a scroll of butterflies {unknown}
Potions
 b - a potion of magic


   Skills:
 + Level 2.2 Dodging
 + Level 2.0 Stealth
 + Level 2.0 Spellcasting
 + Level 5.1 Summonings


You had 3 spell levels left.
You knew the following spells:

 Your Spells              Type           Power      Damage    Failure   Level
a - Summon Small Mammal   Summ           68%        N/A       2%          1

Your spell library contained the following spells:

 Spells                   Type           Power      Damage    Failure   Level
 Call Imp                 Summ           17%        N/A       4%          2
 Call Canine Familiar     Summ           17%        N/A       8%          3
 Apportation              Tloc           2%         N/A       22%         1
 Necrotise                Necr           4%         1d4       22%         1
 Summon Guardian Golem    Hex/Summ       9%         N/A       22%         3
 Summon Lightning Spire   Summ/Air       9%         N/A       58%         4


Dungeon Overview and Level Annotations

Branches:
Dungeon (1/15)

Altars:


Innate Abilities, Weirdness & Mutations

You have a beak for a mouth.
You have claws for feet.


Message History

You hit the endoplasm.
The endoplasm is almost dead.
The endoplasm completely misses you.
You hit the endoplasm.
You kill the endoplasm!
c - a +0 war axe (weapon)
Found a book of Cantrips.
You pick up a book of Cantrips and begin reading...
You add the spells Necrotise and Apportation to your library.
Found a plate armour.
You see here a +0 plate armour.
Found a scroll labelled PAESEO JAODEC.
You see here a +0 plate armour.
There are no items here.
You see here a +0 plate armour.
d - a +0 plate armour
e - a scroll labelled PAESEO JAODEC A dart slug and a kobold come into view.
The kobold shouts!
The kobold hits you with a +0 short sword.
You barely miss the kobold. The kobold closely misses you.
The kobold misses you.
You slash the kobold!
You kill the kobold!
The dart slug launches a dart at you. The slug dart misses you.
A quokka comes into view.
Your Summonings skill increases to level 5!
Things that are here:
a +0 short sword; a kobold corpse The dart slug barely misses you.
You hit the dart slug. You claw the dart slug.
You kill the dart slug!
The quokka bites you.
You hit the quokka but do no damage. The quokka bites you.
* * * LOW HITPOINT WARNING * * *
The quokka bites you but does no damage.
You closely miss the quokka. Your peck misses the quokka.
The quokka closely misses you. The quokka bites you.
You die...

####### #.....#
# .
#..#..###.#....
#.###.)@r......
#..#..###.###..
###.....### #
#.........#
#.###.###.# #.#
#.# #.#
######### #.#
#.# #.#
#.......###
#.###.###.#
+.>.>.>.+..
#.##...##.#
#.......#..


You could see a quokka.

Vanquished Creatures
  A dart slug (D:1)
  An endoplasm (D:1)
  A kobold (D:1)
3 creatures vanquished.

Notes
Turn   | Place    | Note
-------+----------+-------------------------------------------
     0 | D:1      | sircluck the Tengu Summoner began the quest for the Orb.
     0 | D:1      | Reached XP level 1. HP: 10/10 MP: 4/4
   109 | D:1      | Reached skill level 5 in Summonings
   113 | D:1      | Slain by a quokka

Illustrated notes

Levels and vault maps discovered:
D:1:      minmay_arrival_up_and_down, layout_loops_corners

Skill      XL: |  1 |
---------------+----+-----
Summonings     | 5 |  5.1
Dodging        | |  2.2
Stealth        | |  2.0
Spellcasting   | |  2.0

Action                   || total
-------------------------++-------
Melee: War axe           ||     5
       Unarmed           ||     4
       Kick              ||     2
Armor: Robe              ||     1
Dodge: Dodged            ||     8
